AoeStats
← Aspen

Arabia

509533027Analyzed
1v1 RM · 6d ago on Sep 27, 2026· 42m 7s· 2 players
Game mode
Random Map
Map size
Tiny (2 player)
Population
200
Speed
Normal
Resources
Standard
Victory
Conquest
Starting age
Dark Age
Ending age
Imperial Age
RankedLock teamsTeams togetherTeam positionsShared explorationLock speedFull tech treeHidden civsTurbo modeCheats
Victory
Defeat
🇮🇳 Magyars · India
1335
+14
🇹🇼 Magyars · Taiwan
1300
-14
裝甲不要煩啦
6:56 Loom
9:19 Feudal Age
10:32 Double-Bit Axe
17:38 Town Watch
17:54 Fletching
23:39 Castle Age
23:18 Bloodlines
23:55 Horse Collar
24:39 Gold Mining
25:21 Bow Saw
26:29 Bodkin Arrow
27:49 Husbandry
34:14 Padded Archer Armor
41:11 Leather Archer Armor
Aspen
7:26 Loom
9:42 Feudal Age
9:48 Man-at-Arms
12:04 Horse Collar
23:47 Castle Age
22:21 Bloodlines
22:40 Fletching
22:57 Scale Barding Armor
22:46 Fletching
23:52 Padded Archer Armor
25:47 Wheelbarrow
24:59 Double-Bit Axe
25:34 Heavy Plow
25:52 Bow Saw
26:25 Bodkin Arrow
27:57 Husbandry
28:41 Ballistics
28:43 Leather Archer Armor
31:53 Hand Cart
32:44 Thumb Ring
41:51 Imperial Age
39:42 Gold Mining
42:37 Bracer
43:39 Chemistry
Connection lost

Rejoining the realm…

Still unreachable

The connection could not be restored.

Session expired

The server has moved on; the page needs a fresh start.